 Dungeon Crawl Stone Soup version 0.30-a0-799-g109b55a442 (webtiles) character file.

Game seed: 12924941896217765895

185 Iich the Chopper (level 5, 0/48 HPs)
             Began as a Hill Orc Fighter on Feb 20, 2023.
             Slain by a gnoll
             ... wielding a +0 flail
              (4 damage)
             ... on level 3 of the Dungeon.
             The game lasted 00:02:13 (1462 turns).

Iich the Chopper (Hill Orc Fighter)                 Turns: 1462, Time: 00:02:14

Health: 0/48       AC: 10    Str: 19    XL:     5   Next: 64%
Magic:  5/5        EV:  7    Int:  8    God:
Gold:   89         SH:  4    Dex: 12    Spells: 4/4 levels left

rFire   . . .      SeeInvis .    a - +0 war axe
rCold   . . .      Faith    .    c - +0 buckler
rNeg    . . .      Spirit   .    g - +0 chain mail
rPois   .          Reflect  .    h - +0 helmet
rElec   .          Harm     .    (no cloak)
rCorr   .          Rampage  .    (no gloves)
Will    .....                    (no boots) Stlth
                                 (no amulet)
HPRegen 0.28/turn                (no ring)
MPRegen 0.09/turn                (no ring)

@: no status effects
A: no striking features
a: no special abilities


You were on level 3 of the Dungeon.
You visited 1 branch of the dungeon, and saw 3 of its levels.

You collected 89 gold pieces.

Inventory:

Hand Weapons
 a - a +0 war axe (weapon)
Armour
 c - a +0 buckler (worn)
 g - a +0 chain mail (worn)
 h - a +0 helmet (worn)
Scrolls
 f - a scroll of identify {unknown}
 i - a scroll of brand weapon {unknown}
 k - a scroll of teleportation {unknown}
 l - a scroll of torment {unknown}
 m - a scroll of fog {unknown}
 n - a scroll of enchant weapon {unknown}
Potions
 b - a potion of mutation {unknown}
 e - a potion of invisibility {unknown}
 o - a potion of brilliance {unknown}


   Skills:
 + Level 5.1 Fighting
 * Level 6.3 Axes
 - Level 3.2 Armour
 - Level 3.2 Shields


You had 4 spell levels left.
You didn't know any spells.
Your spell library contained the following spells:

 Spells                   Type           Power      Damage    Failure   Level
 Static Discharge         Conj/Air       0%         2-2/arc   100%        2
 Vhi's Electric Charge    Tloc/Air       0%         N/A       100%        3
 Arcjolt                  Conj/Air       0%         1d10      100%        5
 Lightning Bolt           Conj/Air       0%         1d11      100%        5


Dungeon Overview and Level Annotations

Branches:
Dungeon (3/15)

Altars:


Message History

The gnoll hits you but does no damage.
You closely miss the gnoll.
The gnoll is heavily wounded.
The gnoll hits you but does no damage. x2
You feel better. The gnoll hits you with a +0 spear.
You block the gnoll's attack.
You hit the gnoll.
You kill the gnoll!
The gnoll hits you but does no damage.
You closely miss the gnoll. The gnoll barely misses you.
The gnoll hits you with a +0 flail.
* * * LOW HITPOINT WARNING * * *
The gnoll barely misses you.
The gnoll hits you from afar with a +0 spear.
* * * LOW HITPOINT WARNING * * *
You hit the gnoll but do no damage. The gnoll hits you but does no damage.
You block the gnoll's attack.
You hit the gnoll.
The gnoll is lightly wounded.
The gnoll hits you from afar with a +0 spear.
* * * LOW HITPOINT WARNING * * *
The gnoll hits you with a +0 flail.
* * * LOW HITPOINT WARNING * * *
You completely miss the gnoll.
The gnoll is lightly wounded.
The gnoll barely misses you. The gnoll hits you with a +0 flail.
* * * LOW HITPOINT WARNING * * *
You hit the gnoll.
The gnoll is heavily wounded.
The gnoll hits you from afar with a +0 spear.
* * * LOW HITPOINT WARNING * * *
The gnoll barely misses you. The gnoll hits you with a +0 flail!
* * * LOW HITPOINT WARNING * * *
The gnoll hits you from afar with a +0 spear.
* * * LOW HITPOINT WARNING * * *
The gnoll attacks as you move away! The gnoll hits you but does no damage.
The gnoll attacks as you move away! The gnoll barely misses you.
The gnoll attacks as you move away! The gnoll barely misses you.
The gnoll attacks as you move away! The gnoll hits you with a +0 flail.
You die...

#)# ... #)# .... ..#
#.# #..# #.# #.# #
#..###.## #.#
#..#....... #.# #..#..#
#.#####.#######
#..#..###.............#
#..#.....@g.g...#.#####
#.....................#
##.#..###.#######.#####
#########.#..# #.# #.#
.............# #.# #.#
######.....#.###.#####
#.#
.....'.....+.........#
#.#
....##†....#.###.#####
#.# ....##.....#.# #.#
#.#


You could see 2 gnolls.

Vanquished Creatures
  A scorpion (D:3)
  6 gnolls (D:3)
  2 adders (D:3)
  2 dart slugs (D:2)
  3 bats
  6 endoplasms
  2 giant cockroaches
  3 goblins (D:1)
  6 hobgoblins
  4 jackals (D:3)
  2 quokkas (D:1)
  4 ball pythons
  5 frilled lizards
  A kobold (D:1)
  4 rats
51 creatures vanquished.

Notes
Turn   | Place    | Note
-------+----------+-------------------------------------------
     0 | D:1      | Iich the Hill Orc Fighter began the quest for the Orb.
     0 | D:1      | Reached XP level 1. HP: 19/19 MP: 1/1
   145 | D:1      | Reached skill level 3 in Axes
   226 | D:1      | Reached XP level 2. HP: 27/27 MP: 2/2
   453 | D:1      | Reached skill level 4 in Axes
   456 | D:1      | Reached XP level 3. HP: 33/33 MP: 3/3
  1241 | D:3      | Reached XP level 4. HP: 20/41 MP: 4/4
  1242 | D:3      | Reached skill level 5 in Axes
  1333 | D:3      | Noticed a scorpion
  1335 | D:3      | Killed a scorpion
  1336 | D:3      | Reached skill level 5 in Fighting
  1336 | D:3      | Reached skill level 6 in Axes
  1336 | D:3      | Reached XP level 5. HP: 48/48 MP: 5/5
  1450 | D:3      | HP: 2/48 [gnoll/+0 flail (7)]
  1462 | D:3      | Slain by a gnoll

Illustrated notes

Levels and vault maps discovered:
D:1:      dpeg_arrival_renting, layout_basic
D:2:      layout_basic, grunt_decor_one_mirror
D:3:      layout_basic

Skill      XL: |  1  2  3  4 |
---------------+-------------+-----
Axes           | 3 4 6 |  6.3
Fighting       | 4 5 |  5.1
Armour         | |  3.2
Shields        | |  3.2

Action                     |  1- 3 |  4- 6 || total
---------------------------+-------+-------++-------
  Melee: War axe           |    89 |    26 ||   115
    Use: Potion            |     1 |     2 ||     3
 Armour: Scale mail        |    13 |       ||    13
         Chain mail        |    55 |    18 ||    73
  Dodge: Dodged            |    36 |    14 ||    50
  Block: Buckler           |    15 |     6 ||    21

Table legend: (Time is in decaauts)
 A = Elapsed time spent in this place.
 B = Non-inter-level travel time spent in this place.
 C = Inter-level travel time spent in this place.
 D = Time resting spent in this place.
 E = Time spent auto-exploring this place.
 F = Levels seen in this place.
 G = Mean time per level.
                   A        B        C        D        E       F      G
               +--------+--------+--------+--------+--------+-----+--------+
         Total |   1498 |   1411 |     87 |      0 |   1108 |   3 |  499.3 |
       Dungeon |   1498 |   1411 |     87 |      0 |   1108 |   3 |  499.3 |
               +--------+--------+--------+--------+--------+-----+--------+

Top non-repeatable levels by time:
     D:1: 874 daAuts
     D:2: 326 daAuts
     D:3: 298 daAuts
